 Dungeon Crawl Stone Soup version 0.22.0-5-gf09313c8f9 (webtiles) character file.

24 Htamos the Magician (level 2, -2/27 HPs)
             Began as a Troll Wizard on Aug 13, 2018.
             Slain by an orc priest
             ... wielding a +0 short sword
              (4 damage)
             ... on level 2 of the Dungeon.
             The game lasted 00:01:05 (1120 turns).

Htamos the Magician (Troll Wizard)                  Turns: 1120, Time: 00:01:05

Health: -2/27      AC:  5    Str: 14    XL:     2   Next: 79%
Magic:  4/4        EV: 10    Int: 14    God:
Gold:   22         SH:  0    Dex:  8    Spells: 4/5 levels left

rFire    . . .     SeeInvis .   (no weapon)
rCold    . . .     Gourm    +   (no shield)
rNeg     . . .     Faith    .   a - +0 robe
rPois    .         Spirit   .   b - +0 hat
rElec    .         Reflect  .   (no cloak)
rCorr    .         Harm     .   (gloves unavailable)
MR       .....                  (boots unavailable)
Stlth    +.........             (no amulet)
HPRegen  0.49/turn              (no ring)
MPRegen  0.09/turn              (no ring)

@: no status effects
A: large, unfitting armour, claws 3, fast metabolism 3, gourmand, regeneration
1, shaggy fur 1, tough skin 2
a: no special abilities


You were on level 2 of the Dungeon.
You were full.

You visited 1 branch of the dungeon, and saw 2 of its levels.

You collected 22 gold pieces.

Inventory:

Armour
 a - a +0 robe (worn)
 b - a +0 hat (worn)
Jewellery
 m - an uncursed ring of see invisible {unknown}
Scrolls
 c - 2 scrolls of remove curse {unknown}
 e - 4 scrolls of identify {unknown}
 h - a scroll of immolation {unknown}
 k - a scroll of enchant armour {unknown}
Potions
 f - a potion of resistance {unknown}
 g - a potion of heal wounds {unknown}
 i - a potion of curing {unknown}
 j - a potion of agility {unknown}
 l - a potion of haste {unknown}
Comestibles
 d - 4 rations


   Skills:
 * Level 1.1 Fighting
 + Level 1.7 Dodging
 - Level 1.1 Stealth
 + Level 2.1 Spellcasting
 * Level 1.2 Conjurations
   Level 0.6 Summonings
   Level 0.6 Translocations


You had 4 spell levels left.
You knew the following spells:

 Your Spells              Type           Power        Failure   Level  Hunger
a - Magic Dart            Conj           #...         14%         1    ##.....

Your spell library contained the following spells:

 Spells                   Type           Power        Failure   Level  Hunger
 Conjure Flame            Conj/Fire      #.......     50%         3    ####...
 Slow                     Hex            #.......     34%         2    ###....
 Mephitic Cloud           Conj/Pois/Air  #.......     52%         3    ####...
 Blink                    Tloc           N/A          28%         2    ###....
 Call Imp                 Summ           #.......     28%         2    ###....


Dungeon Overview and Level Annotations

Branches:
Dungeon (2/15)

Altars:


Innate Abilities, Weirdness & Mutations

You are too large for most types of armour.
You have claws for hands.
Your metabolism is lightning-fast.
You like to eat raw meat.
Your natural rate of healing is unusually fast.
You are covered in fur. (AC +1)
You have very tough skin. (AC +2)


Message History

Pain shoots through your body! The orc barely misses you.
You barely miss the orc priest.
The orc priest is severely wounded.
The orc wizard mumbles some strange words.
The orc wizard flickers and vanishes!
Deactivating autopickup; reactivate with Ctrl-A.
The orc wizard casts a spell.
The orc wizard flickers and vanishes!
You scratch the orc priest.
The orc priest is severely wounded.
The orc closely misses you.
The orc priest mumbles some strange prayers to Beogh against you.
Beogh smites you!
* * * LOW HITPOINT WARNING * * *
The orc priest closely misses you. Something hits you but does no damage.
You scratch the orc priest but do no damage.
The orc priest is severely wounded.
The orc priest barely misses you. The orc closely misses you.
The orc priest hits you with a short sword.
You die...

#.# #.# #.# #.# #.# #.#
###### #..
#.###.oo.###############
#....{.@.'..............
#####.o{.###############
###### # # # # # #


You could see 2 orc priests and an orc.

Vanquished Creatures
  An adder (D:2)
  A dart slug (D:1)
  A leopard gecko (D:1)
  A giant cockroach (D:2)
  2 goblins (D:1)
  A hobgoblin (D:1)
  A bat (D:1)
  3 frilled lizards
  2 kobolds (D:1)
13 creatures vanquished.

Notes
Turn   | Place    | Note
-------+----------+-------------------------------------------
     0 | D:1      | Htamos the Troll Wizard began the quest for the Orb.
     0 | D:1      | Reached XP level 1. HP: 16/16 MP: 2/2
   403 | D:1      | Reached skill level 1 in Conjurations
   403 | D:1      | Reached XP level 2. HP: 26/26 MP: 4/4
  1002 | D:2      | Reached skill level 1 in Fighting
  1120 | D:2      | Slain by an orc priest

Skill      XL: |  1  2 |
---------------+-------+-----
Conjurations   | 1 |  1.2
Fighting       | 1 |  1.1
Dodging        | |  1.7
Stealth        | |  1.1
Spellcasting   | |  2.1
Summonings     | |  0.6
Translocations | |  0.6

Action                   || total
-------------------------++-------
Melee: Unarmed           ||    45
 Cast: Magic Dart        ||     3
  Eat: Chunk             ||    12
Armor: Robe              ||    25
Dodge: Dodged            ||    22
